AoeStats
← Cutloose

Black Forest

510065604Analyzed
3v3 RM · 4d ago on Sep 29, 2026· 40m 18s· 6 players
Game mode
Random Map
Map size
Normal (6 player)
Population
200
Speed
Normal
Resources
Standard
Victory
Conquest
Starting age
Dark Age
Ending age
Imperial Age
RankedLock teamsTeams togetherTeam positionsShared explorationLock speedFull tech treeHidden civsTurbo modeCheats
Victory
Defeat
🇧🇪 Franks · Belgium
1144
+15
🇩🇪 Danes · Germany
1109
+17
🇫🇷 Britons · France
1076
+18
🇯🇵 Spanish · Japan
1169
-18
🇦🇺 Britons · Australia
1117
-16
🇺🇸 Turks · United States
1101
-16
hakki
11:10 Feudal Age
11:41 Double-Bit Axe
16:44 Castle Age
15:24 Gold Mining
15:26 Stone Mining
16:49 Wheelbarrow
17:58 Bow Saw
21:34 Gold Shaft Mining
21:13 Loom
22:33 Town Watch
27:17 Hand Cart
30:54 Imperial Age
29:44 Caravan
30:37 Husbandry
30:49 Scale Barding Armor
30:54 Forging
32:08 Chain Barding Armor
33:21 Iron Casting
32:11 Cavalier
33:14 Conscription
33:39 Paladin
35:05 Plate Barding Armor
36:12 Blast Furnace
35:12 Scale Mail Armor
35:15 Squires
35:01 Arson
35:44 Masonry
38:40 Chain Mail Armor
37:46 Ordonnance Companies
37:48 Light Cavalry
37:51 Pikeman
37:53 Man-at-Arms
38:19 Gambesons
38:45 Elite Throwing Axeman
39:59 Plate Mail Armor
noziemann
0:27 Loom
11:45 Feudal Age
16:55 Castle Age
14:47 Double-Bit Axe
15:19 Scale Mail Armor
16:11 Forging
16:36 Arson
28:32 Squires
29:41 Horse Collar
30:24 Fishing Lines
31:07 Gambesons
32:37 Chain Mail Armor
34:25 Wheelbarrow
38:51 Gold Mining
39:19 Hand Cart
Unknown-Ben
0:35 Loom
13:18 Feudal Age
18:48 Castle Age
16:40 Double-Bit Axe
17:25 Stone Mining
18:31 Horse Collar
20:41 Bow Saw
22:57 Fletching
25:40 Ballistics
29:26 Gold Mining
31:00 Wheelbarrow
31:12 Bodkin Arrow
31:17 Padded Archer Armor
31:02 Treadmill Crane
31:27 Heavy Plow
32:38 Yeomen
33:21 Gold Shaft Mining
36:50 Imperial Age
35:35 Hand Cart
35:43 Fortified Wall
36:55 Elite Longbowman
37:48 Bracer
38:04 Leather Archer Armor
38:54 Chemistry
38:00 Pikeman
39:17 Scale Mail Armor
39:27 Forging
40:23 Chain Mail Armor
40:43 Conscription
KJI
0:42 Loom
12:22 Feudal Age
16:22 Castle Age
14:47 Double-Bit Axe
16:31 Stone Mining
18:55 Horse Collar
19:41 Bow Saw
23:44 Fishing Lines
25:46 Wheelbarrow
25:51 Gillnets
27:31 Gold Mining
31:13 Imperial Age
30:27 Scale Barding Armor
30:40 Heavy Plow
31:29 Chain Barding Armor
32:52 Plate Barding Armor
32:27 Forging
32:19 Cavalier
33:09 Bloodlines
33:00 Husbandry
35:23 Iron Casting
34:38 Fletching
34:51 Paladin
37:54 Blast Furnace
Faelian the Unsuccessful
11:51 Feudal Age
16:28 Castle Age
21:11 Imperial Age
21:35 Wheelbarrow
23:03 Padded Archer Armor
30:04 Leather Archer Armor
35:47 Conscription
Cutloose
0:42 Loom
11:18 Feudal Age
12:04 Double-Bit Axe
12:13 Horse Collar
15:50 Wheelbarrow
18:20 Castle Age
19:35 Bow Saw
19:28 Heavy Plow
20:44 Hand Cart
22:08 Man-at-Arms
23:05 Squires
25:20 Long Swordsman
33:28 Fletching
34:49 Ballistics
34:30 Murder Holes
35:04 Bodkin Arrow
35:49 Ballistics
Connection lost

Rejoining the realm…

Still unreachable

The connection could not be restored.

Session expired

The server has moved on; the page needs a fresh start.